Map: Frost LE

Players

Miszu - Winner!

  • Race: Terran Terran
  • League: Master

BlackWizard

  • Race: Protoss Protoss
  • League: Master

VOD

Have the link to the VOD?

Description

Time

  • Played on: July 4, 2016, 4:41 p.m.
  • Length: 6:24
Show
View Real Time Build Order
Export as new Build Order

Miszu Terran - Winner!

Build Orders: 1/1/1, Liberator Opening 

Get SALT Encoding   

  12  0:00  SCV  
  13  0:12  SCV  
  14  0:17  Supply Depot  
  14  0:24  SCV  
  15  0:31  Refinery  
  15  0:38  SCV  
  16  0:45  Barracks  
  16  0:50  SCV  
  16  0:56  Refinery  
  17  1:02  SCV  
  18  1:15  SCV  
  19  1:27  SCV  
  19  1:32  Marine  
  20  1:34  Factory  
  21  1:43  Orbital Command  
  21  1:51  Barracks Reactor  
  21  1:56  Supply Depot  
  21  2:08  SCV  
  22  2:18  Factory Tech Lab  
  22  2:19  Starport  
  22  2:22  SCV  
  23  2:28  Marine x2  
  25  2:36  Supply Depot  
  25  2:37  SCV  
  25  2:43  Siege Tank  
  29  2:46  Marine  
  29  2:49  Marine  
  31  3:01  Supply Depot  
  31  3:19  Supply Depot, Medivac  
  31  3:33  Liberator  
  30  3:34  Marine  
  30  3:35  Marine  
  30  3:38  Cyclone  
  36  3:42  Supply Depot  
  38  3:57  Marine x2  
  39  4:08  SCV  
  40  4:11  Siege Tank  
  40  4:15  Marine  
  44  4:25  Marine  
  44  4:31  Supply Depot  
  45  4:33  Marine  
  45  4:35  Liberator  
  47  4:59  Marine x2  
  46  5:01  Siege Tank  
  46  5:03  Supply Depot  
  51  5:17  Marine  
  52  5:24  SCV  
  52  5:28  Marine  
  53  5:30  Supply Depot  
  53  5:35  Marine  
  51  5:43  Siege Tank  
  51  5:46  Marine  
  58  5:53  Marine  
  59  6:04  Marine  
  61  6:19  Supply Depot  
Show
View Real Time Build Order
Export as new Build Order

BlackWizard Protoss 

Build Orders:  

Get SALT Encoding   

  12  0:01  Probe (Chrono Boost)  
  13  0:11  Probe (Chrono Boost)  
  14  0:17  Pylon  
  14  0:22  Probe (Chrono Boost)  
  15  0:36  Probe (Chrono Boost)  
  15  0:38  Gateway  
  16  0:44  Assimilator  
  16  0:48  Probe (Chrono Boost)  
  17  0:58  Probe (Chrono Boost)  
  18  1:07  Gateway  
  18  1:09  Probe (Chrono Boost)  
  19  1:20  Probe (Chrono Boost)  
  19  1:24  Assimilator  
  20  1:26  Cybernetics Core  
  20  1:30  Probe (Chrono Boost)  
  21  1:39  Pylon  
  21  1:41  Probe (Chrono Boost)  
  22  2:02  Stalker x2  
  26  2:09  Mothership Core (Chrono Boost)  
  28  2:16  Pylon  
  28  2:18  Warp Gate (Chrono Boost)  
  28  2:27  Probe (Chrono Boost)  
  29  2:38  Probe (Chrono Boost)  
  30  2:49  Probe (Chrono Boost)  
  31  2:56  Nexus  
  31  3:08  Pylon  
  31  3:11  Pylon  
  31  3:14  Probe  
  30  3:32  Adept, Robotics Facility  
  32  3:42  Probe  
  33  3:54  Probe  
  36  4:00  Pylon  
  36  4:06  Probe  
  36  4:07  Probe  
  38  4:18  Probe  
  38  4:20  Probe  
  38  4:29  Adept x2  
  38  4:30  Immortal (Chrono Boost)  
  38  4:31  Probe x2  
  48  4:39  Pylon  
  48  4:43  Probe  
  49  4:51  Probe  
  47  4:59  Pylon, Stalker  
  44  5:00  Stalker, Probe  
  47  5:08  Gateway  
  46  5:23  Stalker x2  
  54  5:28  Immortal (Chrono Boost)  
  46  5:40  Gateway  
  46  5:46  Pylon  
  46  5:53  Gateway  
  44  5:59  Probe  
  45  6:04  Stalker  
  45  6:05  Stalker  
  45  6:10  Stalker  
  47  6:11  Probe  
  47  6:13  Pylon  
Tags
 
Add a new tag
Caveats
  • Supply blocks, unpowered buildings, or Contaminate may cause inaccurate times.
  • Supply counts are checked every 10 seconds.